 Dungeon Crawl Stone Soup version 0.16-a0-787-g31dbbe7 (console) character file.

851 Kellhus the Conjurer (level 8, 41/41 HPs)
             Began as a Gargoyle Wizard on Sept 27, 2014.
             Quit the game on Level 4 of the Dungeon.
             The game lasted 00:11:44 (5115 turns).

Kellhus the Conjurer (Gargoyle Wizard)              Turns: 5115, Time: 00:11:44

HP  41/41        AC  7     Str 11      XL: 8   Next:  1%
MP  20/20        EV 12     Int 21      God:
Gold 163         SH  0     Dex  9      Spells:  3 memorised, 10 levels left

rFire  . . .     SeeInvis .     a - +2 whip (elec)
rCold  . . .     Clarity  .     n - +0 robe
rNeg   + . .     rCorr    .     (no shield)
rPois  +         rRot     +     r - +0 hat
rElec  +         Spirit   .     (no cloak)
SustAb .         Warding  .     (no gloves)
rMut   .         Stasis   .     (no boots)
Gourm  .                        (no amulet)
MR     .....                    (no ring)
                                g - +1 ring of dexterity

@: not resistant to hostile enchantments, unstealthy
A: negative energy resistance 1, electricity resistance, unbreathing,
petrification resistance, rot immunity, AC +5
a: no special abilities


You were on level 4 of the Dungeon.
You were near starving.

You visited 1 branch of the dungeon, and saw 4 of its levels.
You also visited: Sewer.

You collected 163 gold pieces.

Inventory:

Hand weapons
 a - a +2 whip of electrocution (weapon)
 b - a +0 blowgun
 l - a +1 mace of holy wrath
 u - a +0 club
Missiles
 s - 27 poisoned needles
 y - 3 curare-tipped needles
Armour
 n - a +0 robe (worn)
 r - a +0 hat (worn)
Magical devices
 f - a wand of flame (10)
Comestibles
 d - 2 bread rations
 t - 2 fruits
 x - a slice of pizza
Scrolls
 h - a scroll of random uselessness {unknown}
 k - a scroll of teleportation
 m - a scroll of enchant armour {unknown}
 o - 2 scrolls of amnesia
 v - a scroll of blinking {unknown}
Jewellery
 g - a +1 ring of dexterity (left hand)
 i - an uncursed ring of ice
Potions
 e - a potion of curing
 j - 4 potions of magic {unknown}
 p - 2 potions of haste
 q - 2 potions of confusion {unknown}
 w - 2 potions of flight {unknown}
Books
 c - a book of Minor Magic

   Spells                             Type                      Level
   *Magic Dart                        Conjuration                  1
   Blink                              Translocation                2
   Call Imp                           Summoning                    2
   Repel Missiles                     Charms/Air                   2
   Slow                               Hexes                        2
   *Conjure Flame                     Conjuration/Fire             3
   *Mephitic Cloud                    Conjuration/Poison/Air       3


   Skills:
 - Level 1.5 Dodging
 - Level 2.1 Stealth
 + Level 5.1 Spellcasting
 - Level 8.2 Conjurations
   Level 0.8 Summonings
   Level 0.8 Translocations


You had 10 spell levels left.
You knew the following spells:

 Your Spells              Type           Power        Failure   Level  Hunger
a - Magic Dart            Conj           ####         1%          1    None
b - Conjure Flame         Conj/Fire      ###.....     10%         3    ##.....
c - Mephitic Cloud        Conj/Pois/Air  ###.....     12%         3    ##.....


Dungeon Overview and Level Annotations

Branches:
Dungeon (4/15)
 Temple: D:4-7

Altars:
Dithmenos


Innate Abilities, Weirdness & Mutations

You are resistant to torment.
You are immune to poison.
Your stone body is very resilient (AC +5).
You resist negative energy.
You are resistant to electric shocks.
You can survive without breathing.
You are immune to petrification.
You are immune to rotting.


Message History

The scorpion is poisoned.
The scorpion is moderately wounded.
Firing (i - inventory. (,) - cycle):
s - 26 poisoned needles (quivered)
Press: ? - help, Shift-Dir - straight line, f/p - scorpion
Aim: a scorpion (moderately wounded, poisoned)
You shoot a poisoned needle. The poisoned needle hits the scorpion!
The scorpion looks even sicker.
The scorpion is moderately wounded.
The scorpion misses you.
You kill the scorpion!
Your Spellcasting skill increases to level 5!
You have reached level 8!
You feel stronger.
You hear the crackle of electricity.
a - a +2 whip of electrocution (weapon)
You spend a moment contemplating the meaning of existence.
s - 26 poisoned needles (gained 1)
s - 27 poisoned needles (gained 1) Magic restored.
w - 2 oily cyan potions Are you sure you want to abandon this character and quit the game? (Confirm with "yes".)

.#♣.♣♣. .....
...#.# ##..# .....#
##..## .....##
#..>. ##....##
##..##<
#......###..# ##
###.......#..# #
##...#........# #
#.@.###.......#####
###.# ##.......##..
### ####...#..#.
##...#..# #.#.#.##
#.##.## ######


There were no monsters in sight!

Vanquished Creatures
  Grinder (D:4)
  The ghost of Screech the Sneak, an average DgAs (D:3)
  2 ogres (D:4)
  A scorpion (D:4)
  A worker ant (D:4)
  An iguana (D:4)
  An orc wizard (D:4)
  Jessica (D:3)
  2 giant mites (D:3)
  4 adders
  5 worms
  A giant gecko (D:2)
  8 orcs
  4 giant cockroaches
  6 hobgoblins
  10 jackals
  19 kobolds
  3 oozes
  4 quokkas
  7 ball pythons
  11 bats
  13 giant newts
  A giant spore (D:3)
  6 goblins
  8 rats
  A ballistomycete (D:3)
  A plant (Sewer)
123 creatures vanquished.

Vanquished Creatures (others)
  A goblin (D:3)
1 creature vanquished.

Grand Total: 124 creatures vanquished

Notes
Turn   | Place    | Note
--------------------------------------------------------------
     0 | D:1      | Kellhus, the Gargoyle Wizard, began the quest for the Orb.
     0 | D:1      | Reached XP level 1. HP: 10/10 MP: 4/4
   228 | D:1      | Reached XP level 2. HP: 15/15 MP: 0/6
   943 | D:1      | Reached XP level 3. HP: 15/19 MP: 2/7
  1049 | D:2      | Found a shadowy altar of Dithmenos.
  1623 | D:2      | Reached skill level 4 in Conjurations
  1690 | D:2      | Reached XP level 4. HP: 24/24 MP: 2/9
  2086 | D:3      | Noticed Screech's ghost (average DgAs)
  2305 | D:3      | Found a glowing drain.
  2323 | D:3      | Reached skill level 5 in Conjurations
  2342 | D:3      | Reached XP level 5. HP: 10/28 MP: 11/11
  2357 | D:3      | Noticed Jessica
  2364 | D:3      | Killed Jessica
  2376 | Sewer    | Entered a sewer
  2880 | Sewer    | Learned a level 3 spell: Conjure Flame
  2884 | Sewer    | Learned a level 3 spell: Mephitic Cloud
  3780 | D:3      | Reached skill level 6 in Conjurations
  3882 | D:3      | Killed Screech's ghost
  3882 | D:3      | Reached skill level 7 in Conjurations
  3882 | D:3      | Reached XP level 6. HP: 32/32 MP: 0/12
  4363 | D:4      | Reached XP level 7. HP: 22/36 MP: 4/17
  4645 | D:4      | Noticed Grinder
  4648 | D:4      | Paralysed by Grinder for 4 turns
  4654 | D:4      | Paralysed by Grinder for 5 turns
  4669 | D:4      | Killed Grinder
  4669 | D:4      | Reached skill level 8 in Conjurations
  5095 | D:4      | Reached skill level 5 in Spellcasting
  5095 | D:4      | Reached XP level 8. HP: 41/41 MP: 18/20
  5115 | D:4      | Quit the game

Action                   |  1- 3 |  4- 6 |  7- 9 || total
-------------------------+-------+-------+-------++-------
Melee: Unarmed           |    17 |       |       ||    17
       Whip              |     3 |    55 |       ||    58
 Fire: Blowgun           |       |    28 |     6 ||    34
 Cast: Magic Dart        |   100 |   137 |    23 ||   260
       Conjure Flame     |       |     3 |     2 ||     5
       Mephitic Cloud    |       |     1 |       ||     1
  Use: Scroll            |       |     7 |     1 ||     8
       Potion            |       |       |     3 ||     3
 Stab: Sleeping          |       |     3 |       ||     3
       Confused          |       |     1 |       ||     1
  Eat: Chunk             |     2 |     8 |     2 ||    12
